 Dungeon Crawl Stone Soup version 0.27.1-3-gb3d3a73c9e (webtiles) character file.

Game seed: 10066071458707388185

1799 loralnil the Scholar of Death (level 8, -1/52 HPs)
             Began as a Demonspawn Necromancer on Oct 21, 2021.
             Was a Follower of Kikubaaqudgha.
             Slain by a lemure (4 damage)
             ... led by Pikel
             ... on level 6 of the Dungeon on Oct 22, 2021.
             The game lasted 00:11:01 (7500 turns).

loralnil the Scholar of Death (DsNe)                Turns: 7500, Time: 00:11:01

Health: -1/52      AC:  5    Str:  9    XL:     8   Next: 83%
Magic:  17/17      EV: 12    Int: 18    God:    Kikubaaqudgha [*.....]
Gold:   320        SH:  0    Dex: 14    Spells: 9/19 levels left

rFire    . . .     SeeInvis .   k - +6 war axe (vamp)
rCold    . . .     Faith    .   (no shield)
rNeg     . . .     Spirit   .   a - +0 robe
rPois    .         Reflect  .   (no helmet)
rElec    .         Harm     .   o - +0 cloak
rCorr    .         Rampage  .   (no gloves)
Will     .....                  (no boots)
Stlth    ++........             (no amulet)
HPRegen  0.17/turn              (no ring)
MPRegen  0.15/turn              (no ring)

@: very slightly contaminated, invisible
A: thin metallic scales 1, ignite blood 1, demonic magic 1
a: Renounce Religion, Receive Corpses


You were on level 6 of the Dungeon.
You worshipped Kikubaaqudgha.
Kikubaaqudgha was aware of your devotion.
You visited 2 branches of the dungeon, and saw 8 of its levels.

You collected 441 gold pieces.
You spent 121 gold pieces at shops.

Inventory:

Hand Weapons
 k - a +6 vampiric war axe (weapon)
Armour
 a - a +0 robe (worn)
 e - a +0 buckler
 o - a +0 cloak (worn)
Jewellery
 m - a ring of fire
Wands
 j - a wand of iceblast (7)
 u - a wand of polymorph (13)
Scrolls
 b - 2 scrolls of teleportation {unknown}
 d - 2 scrolls of magic mapping {unknown}
 f - 4 scrolls of identify {unknown}
 r - 3 scrolls of fear {unknown}
 s - a scroll of immolation {unknown}
 w - a scroll of blinking
 y - a scroll of amnesia {unknown}
Potions
 c - 2 potions of degeneration {unknown}
 g - 2 potions of might {unknown}
 h - 4 potions of curing
 l - a potion of brilliance {unknown}
 n - 2 potions of attraction {unknown}
 p - a potion of lignification {unknown}
 q - a potion of cancellation {unknown}
 t - 2 potions of berserk rage {unknown}
 v - a potion of mutation {unknown}
 x - a potion of flight {unknown}


   Skills:
 - Level 2.5 Dodging
 - Level 2.6 Stealth
 + Level 6.3 Spellcasting
 * Level 10.6 Necromancy


You had 9 spell levels left.
You knew the following spells:

 Your Spells              Type           Power      Damage    Failure   Level
a - Pain                  Necr           100%       1d9       1%          1
b - Animate Skeleton      Necr           86%        N/A       1%          1
c - Vampiric Draining     Necr           21%        2d9       1%          3
d - Agony                 Necr           43%        N/A       4%          5

Your spell library contained the following spells:

 Spells                   Type           Power      Damage    Failure   Level
 Corpse Rot               Necr/Air       N/A        N/A       1%          2
 Sublimation of Blood     Necr           21%        N/A       1%          2
 Animate Dead             Necr           21%        N/A       1%          4
 Freeze                   Ice            20%        1d4       12%         1
 Frozen Ramparts          Ice            10%        1d3       34%         3
 Hailstorm                Conj/Ice       5%         3d4       75%         4


Dungeon Overview and Level Annotations

Branches:
Dungeon (7/15)             Temple (1/1) D:4

Altars:
Dithmenos
Fedhas
Gozag
Hepliaklqana
Kikubaaqudgha
Makhleb
Nemelex Xobeh
Okawaru
Ru
Sif Muna
Trog
Uskayaw
Vehumet
Wu Jian
Xom
Yredelemnul

Shops:
D:3 !

Annotations:
D:7 Pikel


Innate Abilities, Weirdness & Mutations

You are partially covered in thin metallic scales. (AC +2)
Your demonic aura sometimes causes spilled blood to erupt in flames.
Spells you cast may paralyse adjacent enemies.


Message History

You closely miss the lemure.
The lemure is severely wounded.
You hit the lemure. The lemure hits you but does no damage.
The lemure barely misses you.
Pikel the Slaver comes into view.
He is wielding a +0 whip of freezing.
Pikel shouts!
The lemure misses you. The lemure hits you. x2
You climb upwards.
There is a stone staircase leading down here.
You closely miss the lemure.
The lemure is severely wounded.
You closely miss the lemure. You hit the lemure. The lemure hits you.
The lemure hits you but does no damage. x2; The lemure barely misses you.
The lemure hits you. x2
You closely miss the lemure.
The lemure is severely wounded.
You hit the lemure. x2; The lemure closely misses you.
The lemure barely misses you. The lemure hits you.
You hit the lemure.
The lemure is severely wounded.
You barely miss the lemure. You hit the lemure. The lemure hits you.
* * * LOW HITPOINT WARNING * * *
The lemure misses you. The lemure closely misses you.
The lemure hits you but does no damage. The lemure barely misses you.
The lemure hits you but does no damage.
You slash the lemure!
The lemure is almost dead.
You slash the lemure! You hit the lemure. The lemure barely misses you.
The lemure hits you.
* * * LOW HITPOINT WARNING * * *
The lemure hits you.
* * * LOW HITPOINT WARNING * * *
You fade into invisibility!
The lemure hits you!
* * * LOW HITPOINT WARNING * * *
The lemure closely misses you. x2
You are very lightly contaminated with residual magic.
The lemure barely misses you. The lemure hits you.
You die...
Kikubaaqudgha rasps: "You have failed me!
Welcome... death!"

.<..............####.......#####.
.#########....)..................
.# ##>........#.........####. .#
####...########............#.
.####.....## ###..............
.........## ##...........#...#
..####.### #...........##..[. ###
#..##### ##................< #
#.##...####5@5........######) #
#.#.....#..5>##.#..#### ## #
#..........###....## #
#####..........# #..###
..............## #.##
#######.....### ### #.......#
#.......# #.......#


You could see 3 lemures.

Vanquished Creatures
  A steam dragon (D:3)
  2 water moccasins (D:6)
  An orc warrior (D:6)
  An ice beast (D:6)
  A sky beast (D:5)
  A necrophage (D:6)
  A centaur (D:5)
  Blork the orc (D:6)
  A bullfrog (D:6)
  3 scorpions (D:6)
  2 water moccasin skeletons
  A bullfrog zombie (D:5)
  A howler monkey (D:6)
  2 centaur zombies (D:6)
  2 jellies
  A hound (D:6)
  An orc priest (D:6)
  A bullfrog skeleton (D:6)
  2 iguanas
  Ijyb (D:6)
  An orc wizard (D:6)
  A scorpion zombie (D:5)
  A hound zombie (D:5)
  3 gnolls (D:2)
  8 adders
  A white imp (D:4)
  3 dart slugs
  6 orcs
  5 ball pythons
  6 endoplasms
  3 giant cockroaches
  9 goblins
  5 hobgoblins
  4 quokkas
  10 bats
  3 frilled lizards
  6 kobolds
  11 rats
113 creatures vanquished.

Notes
Turn   | Place    | Note
-------+----------+-------------------------------------------
     0 | D:1      | loralnil the Demonspawn Necromancer began the quest for the
                  | Orb.
     0 | D:1      | Reached XP level 1. HP: 13/13 MP: 3/3
    74 | D:1      | Found a faded altar of an unknown god.
    74 | D:1      | Noticed a hellwing
   438 | D:1      | Gained mutation: Spells you cast may paralyse adjacent
                  | enemies. [demonic ancestry]
   438 | D:1      | Reached XP level 2. HP: 15/19 MP: 0/5
  1394 | D:1      | Reached XP level 3. HP: 14/24 MP: 0/6
  1511 | D:1      | Learned a level 1 spell: Animate Skeleton
  1515 | D:1      | Learned a level 3 spell: Vampiric Draining
  1564 | D:1      | Gained mutation: You are partially covered in thin metallic
                  | scales. (AC +2) [demonic ancestry]
  1564 | D:1      | Reached XP level 4. HP: 23/30 MP: 0/7
  1822 | D:2      | Reached skill level 5 in Necromancy
  2029 | D:2      | Found an iron altar of Okawaru.
  3041 | D:3      | Reached XP level 5. HP: 33/35 MP: 6/9
  3050 | D:3      | Learned a level 5 spell: Agony
  3198 | D:3      | Found Wuloh's Distillery.
  3205 | D:3      | Bought a potion of curing for 33 gold pieces
  3205 | D:3      | Bought a potion of invisibility for 88 gold pieces
  3403 | D:3      | Noticed a steam dragon
  3415 | D:3      | Killed a steam dragon
  3416 | D:3      | Reached skill level 6 in Necromancy
  3416 | D:3      | Reached XP level 6. HP: 31/41 MP: 0/11
  3818 | D:4      | Found a staircase to the Ecumenical Temple.
  3864 | Temple   | Entered the Ecumenical Temple
  3870 | Temple   | Became a worshipper of Kikubaaqudgha
  4687 | D:5      | Entered Level 5 of the Dungeon
  4875 | D:5      | Noticed Blork the orc
  4882 | D:6      | Noticed an ice beast
  4887 | D:6      | Reached skill level 7 in Necromancy
  4991 | D:6      | Killed an ice beast
  4992 | D:6      | Gained mutation: Your demonic aura sometimes causes spilled
                  | blood to erupt in flames. [demonic ancestry]
  4992 | D:6      | Reached XP level 7. HP: 44/46 MP: 1/13
  5098 | D:6      | Killed Blork the orc
  5166 | D:5      | Noticed Ijyb
  5275 | D:6      | Reached skill level 8 in Necromancy
  5329 | D:6      | Killed Ijyb
  5821 | D:5      | Reached skill level 5 in Spellcasting
  5976 | D:5      | Reached XP level 8. HP: 47/52 MP: 15/15
  6074 | D:5      | Reached * piety under Kikubaaqudgha
  6074 | D:5      | Received a gift from Kikubaaqudgha
  6311 | D:6      | Reached skill level 9 in Necromancy
  6953 | D:6      | Reached skill level 10 in Necromancy
  7492 | D:7      | Noticed Pikel
  7500 | D:6      | Slain by a lemure

Illustrated notes

Levels and vault maps discovered:
D:1:      lemuel_arrival_broad_hall, layout_loops_corners,
          dreamdust_ecumenical_altar_sealed_demon, kennysheep_small_spiral
D:2:      layout_rooms, basic_altar, moated_statue, grunt_ministairs_13
D:3:      layout_loops_corners, serial_shops, nicolae_square_shop
D:4:      layout_basic, minmay_temple_entry_overgrown
D:5:      layout_rooms, uniq_blork_the_orc, uniq_ijyb
D:6:      layout_rooms, kennysheep_generic_room_7
D:7:      layout_cave_pools, kennysheep_potato, uniq_pikel
Temple:   dpeg_three_leaves_temple

Skill      XL: |  1  2  3  4  5  6  7  8 |
---------------+-------------------------+-----
Dodging        | 2 |  2.5
Stealth        | 2 |  2.6
Necromancy     | 5 6 7 8 10 | 10.6
Spellcasting   | 3 4 5 6 |  6.3

Action                   |  1- 3 |  4- 6 |  7- 9 || total
-------------------------+-------+-------+-------++-------
Melee: Unarmed           |       |    10 |       ||    10
       Dagger            |       |    23 |     2 ||    25
       War axe           |       |       |    64 ||    64
 Cast: Pain              |    50 |    86 |    37 ||   173
       Vampiric Draining |       |     9 |    25 ||    34
       Animate Skeleton  |       |     1 |       ||     1
  Use: Scroll            |       |     3 |       ||     3
       Potion            |       |       |     1 ||     1
 Stab: Paralysed         |       |     4 |     6 ||    10
       Sleeping          |       |     2 |       ||     2
       Distracted        |       |     1 |       ||     1
Armor: Robe              |     2 |    19 |    30 ||    51
Dodge: Dodged            |     6 |    46 |    90 ||   142
